Cogmind - Beta 16 @@@ ROGUE MODE // 2025.11.12 @ 12:36:09 Player: ChromeKnight Result: Self-destructed Performance ------------- Evolutions (2) 1000 Regions Visited (3) 600 Robots Destroyed (89) 445 Value Destroyed (2378) 2378 Prototype IDs (5) 100 Alien Tech Used (0) 0 Bonus (11) 11 TOTAL SCORE: 4534 Bonus ------- High Alert Combat Kills 11 Cogmind --------- Core Integrity 411/550 Matter 300/300 Energy 100/100 System Corruption 0% Temperature Cool (0) Movement Core (1500) Ox29 Location -8/Materials Parts ------- > --- POWER (1) -------- (None) > --- PROPULSION (3) --- Improved Treads > --- UTILITY (5) ------ Huge Storage Unit Structural Scanner Light Armor Plating Hacking Suite > --- WEAPON (2) ------- Improved Assault Rifle Improved Assault Rifle > --- INVENTORY (25) --- Improved Deuterium Engine Light Treads Armored Treads Wheel Wheel Compact Wheel Compact Wheel Improved Sensor Array Improved Sensor Array Improved Signal Interpreter Hardened Medium Armor Plating Reflective Plating Reflective Plating Hacking Suite System Shield Improved EM Shotgun Improved EM Shotgun Improved EM Shotgun Gauss Cannon Mini Grenade Launcher Mini Grenade Launcher Datajack Datajack Datajack Power Maul Peak State ------------ > --- POWER ------------ Improved Deuterium Engine > --- PROPULSION ------- Improved Treads Improved Treads Compact Wheel > --- UTILITY ---------- Huge Storage Unit Structural Scanner Improved Light Armor Plating Hacking Suite > --- WEAPON ----------- Improved Assault Rifle Enhanced Autogun > --- INVENTORY -------- Improved Deuterium Engine Light Treads Light Treads Wheel Wheel Improved Sensor Array Improved Sensor Array Improved Signal Interpreter Improved EM Shotgun Improved EM Shotgun Improved EM Shotgun Improved EM Shotgun Lightning Gun Lightning Gun Lightning Gun Lightning Gun Improved Assault Rifle Gauss Cannon Gauss Cannon Mini Grenade Launcher Mini Grenade Launcher Datajack Datajack Datajack Heavy Flail [Rating: 30] Favorites ----------- Power Reinforced Ion Engine Engine Reinforced Ion Engine Power Core Light Nuclear Core Propulsion Light Treads Treads Light Treads Wheel Compact Wheel Utility Structural Scanner Device Structural Scanner Storage Huge Storage Unit Hackware Hacking Suite Protection Light Armor Plating Weapon Improved Assault Rifle Energy Gun Salvaging Laser Ballistic Gun Improved Assault Rifle Launcher Grenade Launcher Build | -11 -10 -9 -8 ------- Run | Yrd Mat Mat Mat Slots Evolved 4 | . . 2 2 Power . | . . . . Propulsion 1 | . . . 1 Utility 3 | . . 2 1 Weapon . | . . . . Parts Attached 60 | 6 5 21 28 Power 5 | 1 . 2 2 Engine 4 | 1 . 1 2 Core 1 | . . 1 . Reactor . | . . . . Propulsion 16 | 2 . 5 9 Treads 14 | 2 . 5 7 Leg . | . . . . Wheel 2 | . . . 2 Hover . | . . . . Flight . | . . . . Utility 18 | 1 3 6 8 Device 4 | . 1 2 1 Storage 4 | 1 2 1 . Processor . | . . . . Hackware 1 | . . . 1 Protection 9 | . . 3 6 Artifact . | . . . . Weapon 21 | 2 2 8 9 Energy Gun 8 | 1 2 3 2 Energy Cannon . | . . . . Ballistic Gun 11 | 1 . 4 6 Ballistic Cannon . | . . . . Launcher 2 | . . 1 1 Special Weapon . | . . . . Impact Weapon . | . . . . Slashing Weapon . | . . . . Piercing Weapon . | . . . . Special Melee Weapon . | . . . . Unidentified Prototypes 5 | . . 2 3 Parts Lost 16 | . . 4 12 Power 2 | . . . 2 Propulsion 3 | . . . 3 Utility 7 | . . 2 5 Weapon 4 | . . 2 2 Highest Loss Streak 4 | . . 3 4 To Critical Strikes 1 | . . . 1 Average Backups 16 | 1 10 15 21 Power . | . . . . Propulsion 4 | 1 3 3 5 Utility 2 | . 2 2 3 Weapon 6 | . 2 6 9 Tool/Special . | . . . . Unused Backups 40 | . 3 4 33 Power 3 | . . . 3 Propulsion 8 | . 2 . 6 Utility 10 | . 1 2 7 Weapon 16 | . . 2 14 Tool/Special 3 | . . . 3 Average Slot Usage (%) 98 | . 99 99 97 Engine 10 | . 14 9 8 Treads 21 | . 28 22 17 Wheel 3 | . . . 9 Device 15 | . 13 22 10 Storage 10 | . 14 11 9 Hackware 3 | . . . 8 Protection 10 | . . 10 14 Energy Gun 7 | . 27 6 . Ballistic Gun 13 | . . 15 17 Peak Build Rating 30 | 6 10 20 30 Average Rating 19 | 4 9 18 26 On Entrance 9 | . 6 10 20 Avg Prop Armor Cover (%) 13 | . . . 13 Naked Turns . | . . . . Heaviest Build 104 | 12 28 101 104 Greatest Support 43 | 40 40 43 40 Greatest Overweight (x) 6 | . . 2 6 Average Overweight (x) 2 | . . . 5 Largest Inventory Capacity 25 | 8 15 25 25 Average Capacity 20 | 7 12 18 25 Most Carried 25 | 2 15 18 25 Average Carried 16 | 1 10 15 21 Final Capacity 25 | 8 15 25 25 Final Carried 25 | 2 15 16 25 Class Distribution -------------------- 75% | Mutant 24% | Scavenger-Mutant Dominant Class ---------------- Mutant | -10/Materials Mutant | -9/Materials Mutant | -8/Materials Resources | -11 -10 -9 -8 ----------- Run | Yrd Mat Mat Mat Matter Collected 2033 | 222 88 474 1249 Remotely . | . . . . Salvage Created 3259 | . 266 901 2092 Parts 205 | . 14 59 132 Haulers Intercepted 8 | . 2 2 4 Recyclers Shooed 2 | . 1 . 1 Parts Field Recycled . | . . . . Retrieved Matter . | . . . . Parts Self-Destructed . | . . . . Prevented . | . . . . Parts Restored . | . . . . Kills | -11 -10 -9 -8 ------- Run | Yrd Mat Mat Mat Combat Hostiles Destroyed 65 | . 2 25 38 Guns 51 | . 2 18 31 AOE 13 | . . 6 7 Classes Destroyed 12 | . 4 5 3 Worker 2 | . 1 1 . Builder 1 | . . . 1 Hauler 8 | . 2 2 4 Recycler 4 | . . . 4 Mechanic 1 | . 1 . . Operator 2 | . . 1 1 Watcher 6 | . . 2 4 Swarmer 22 | . . 14 8 Grunt 27 | . 2 5 20 Brawler 2 | . . 1 1 Sentry 13 | . . 5 8 Hunter 1 | . . . 1 Best Kill Streak 10 | . 1 4 10 Combat Bots Only 7 | . 1 4 7 Max Kills in Single Turn 3 | . 1 2 3 Gunslinging 1 | . . 1 . Exploded 2 | . . 2 2 Melee . | . . . . Uniques/NPCs Destroyed . | . . . . Combat | -11 -10 -9 -8 -------- Run | Yrd Mat Mat Mat Hostile Shots Fired 382 | . 9 151 222 Missed 107 | . 4 38 65 Hits 275 | . 5 113 157 Projectile 275 | . 5 113 157 Critical Strikes 13 | . . 3 10 Damage Taken 3930 | . 72 1308 2550 Core 336 | . 48 149 139 Absorbed by Shields . | . . . . Regen/Repaired (Parts) 113 | . . . 113 Core Remaining (%) 80 | 100 80 62 . Volleys Fired 265 | . 41 89 135 Largest 2 | . 2 2 2 Hottest 79 | . 60 79 53 Shots Fired 517 | . 82 173 262 Gun 504 | . 82 168 254 Cannon . | . . . . Launcher 13 | . . 5 8 Special . | . . . . Kinetic 331 | . . 77 254 Thermal 173 | . 82 91 . Explosive 13 | . . 5 8 Electromagnetic . | . . . . Robot Hit Streak 18 | . 8 16 18 Robot Miss Streak 5 | . 4 5 3 Penetration Max . | . . . . Secondary Targets 7 | . . 4 3 Max Gunslinging Chain 1 | . . 1 1 Shots Hit Robots 362 | . 54 119 189 Core Hits 160 | . 14 42 104 Critical Kills 1 | . . 1 . Critical Parts Destroyed 2 | . . 1 1 Critical Strikes 8 | . . 7 1 Burn 5 | . . 5 . Destroy 3 | . . 2 1 Melee Attacks . | . . . . Impact . | . . . . Slashing . | . . . . Piercing . | . . . . Sneak Attacks . | . . . . Combat Hostiles . | . . . . Follow-up Attacks . | . . . . Damage Inflicted 5974 | . 485 1973 3516 Guns 4853 | . 485 1557 2811 Cannons . | . . . . Explosions 1116 | . . 411 705 Melee . | . . . . Ramming 5 | . . 5 . Kinetic 3666 | . . 855 2811 Thermal 1187 | . 485 702 . Explosive 1116 | . . 411 705 Electromagnetic . | . . . . Impact . | . . . . Slashing . | . . . . Piercing . | . . . . Highest Corruption . | . . . . Average Corruption . | . . . . Corruption Purged . | . . . . Corruption Blocked . | . . . . Overload Shots . | . . . . Overflow Damage 54 | . . 53 1 Projectiles . | . . . . Explosions 54 | . . 53 1 Melee . | . . . . Knockbacks 1 | . . 1 . Impact 1 | . . 1 . Kinetic . | . . . . Secondary . | . . . . Self-Inflicted Damage 98 | . . 20 78 Shots 3 | . . 1 2 Rammed 2 | . . 2 . Targets Rammed 2 | . . 2 . Kicked . | . . . . Crushed . | . . . . Highest Temperature 402 | . 6 21 402 Average Temperature 52 | . 3 4 64 Received Heat Transfer 1485 | . 39 393 1053 Siege Activations . | . . . . Martial Activations . | . . . . Shielding Activations . | . . . . Robots Disrupted . | . . . . Combat Hostiles . | . . . . Robots Corrupted . | . . . . Combat Hostiles . | . . . . Parts Fried . | . . . . Impact Corruptions . | . . . . Robots Melted 1 | . . 1 . Combat Hostiles 1 | . . 1 . Parts Melted 10 | . 4 6 . Heat Transferred 3486 | . 1350 2136 . Parts Sabotaged . | . . . . Parts Stolen . | . . . . Parts Stripped . | . . . . Power Chain Reactions . | . . . . Alert | -11 -10 -9 -8 ------- Run | Yrd Mat Mat Mat Maximum Alert Level 2 | . . . 2 Low Security (%) 91 | 100 100 100 79 Level 1 8 | . . . 20 Level 2 . | . . . . Level 3 . | . . . . Level 4 . | . . . . Level 5 . | . . . . High Security . | . . . . Max Security . | . . . . Peak Influence 408 | . 30 157 408 Initial 39 | . . 9 39 Average 100 | . 1 95 152 Influence Increases 1997 | . 82 727 1188 Destroy 0b10 Robot/C 1300 | . 40 500 760 Destroy 0b10 Robot/NC 120 | . 20 30 70 Destroy Leader 318 | . 14 128 176 Successful Hack 45 | . 8 6 31 Disable Machine 30 | . . . 30 Destroy Structure 109 | . . 33 76 Lose Combat Pursuer 75 | . . 30 45 Influence Decreases 1822 | . 58 658 1106 Entered New Map 69 | . . 15 54 Time Decay 1293 | . 58 603 632 Lost Part 160 | . . 40 120 Purge Threat 300 | . . . 300 Squads Dispatched 8 | . . 2 6 Investigation 1 | . . . 1 Extermination . | . . . . Reinforcement 5 | . . 2 3 Assault 2 | . . . 2 Garrison . | . . . . Intercept . | . . . . Searches Triggered . | . . . . Construction Impeded 1 | . . . 1 Haulers Reinforced . | . . . . Active Scanning Responses . | . . . . Cargo Convoy Interrupts . | . . . . Stealth | -11 -10 -9 -8 --------- Run | Yrd Mat Mat Mat Distress Signals 3 | . . . 3 Communications Jammed . | . . . . Distress Signals . | . . . . Times Spotted 104 | . 17 32 55 Peak Tracking Total 8 | . 4 5 8 Tactical Retreats 4 | . . 1 3 Traps | -11 -10 -9 -8 ------- Run | Yrd Mat Mat Mat Traps Triggered 3 | . . . 3 Indirectly . | . . . . Trap Hack Attempts . | . . . . Triggered . | . . . . Disarmed . | . . . . Reprogrammed 4 | . . . 4 Reused . | . . . . Traps Extracted . | . . . . Installed . | . . . . Triggered . | . . . . Machines | -11 -10 -9 -8 ---------- Run | Yrd Mat Mat Mat Machines Disabled 2 | . . . 2 Max in Single Turn 1 | . . . 1 Garrison Access 1 | . . . 1 Machines Repaired . | . . . . Machines Dismantled . | . . . . Machines Sabotaged . | . . . . Overloaded Fab Kills . | . . . . Hacking | -11 -10 -9 -8 --------- Run | Yrd Mat Mat Mat Machines Accessed 19 | . 6 3 10 Terminals 16 | . 6 2 8 Fabricators . | . . . . Repair Stations 1 | . . . 1 Recycling Units . | . . . . Scanalyzers 2 | . . 1 1 Garrison Access . | . . . . Total Hacks 52 | . 12 8 32 Successful 23 | . 6 3 14 Failed 27 | . 6 4 17 Catastrophic 7 | . . 1 6 Database Lockouts 2 | . . 1 1 Manual 28 | . 12 4 12 Terminals 41 | . 12 6 23 Fabricators . | . . . . Repair Stations 4 | . . . 4 Recycling Units . | . . . . Scanalyzers 7 | . . 2 5 Garrison Access . | . . . . Terminal Hacks 6 | . . . 6 Branch Access Points 1 | . . . 1 Scanalyzer Index 1 | . . . 1 Unreport Threat 2 | . . . 2 Reprogram Traps 1 | . . . 1 Recall Investigation 1 | . . . 1 Fabricator Hacks . | . . . . Repair Station Hacks 4 | . . . 4 Scan Component 2 | . . . 2 Repair 2 | . . . 2 Recycling Unit Hacks . | . . . . Scanalyzer 5 | . . 1 4 Retrieve Study 5 | . . 1 4 Garrison Access Hacks . | . . . . Unauthorized Hacks 8 | . 6 2 . Terminals 8 | . 6 2 . Operators 2 | . 1 1 . Skim 6 | . 5 1 . Fabricators . | . . . . Repair Stations . | . . . . Recycling Units . | . . . . Scanalyzers . | . . . . Garrison Access . | . . . . Data Cores Recovered . | . . . . Used . | . . . . Hacking Detections 16 | . 4 3 9 Full Trace Events 1 | . . . 1 Feedback Events . | . . . . Feedback Blocked . | . . . . Robot Schematics Acquired . | . . . . Robots Built . | . . . . Authchips . | . . . . Time . | . . . . Total Robot Build Rating . | . . . . Part Schematics Acquired . | . . . . Parts Built . | . . . . Authchips . | . . . . Time . | . . . . Total Part Build Rating . | . . . . Part Studies Acquired 5 | . . 1 4 Parts Repaired 2 | . . . 2 Time 77 | . . . 77 Parts Recycled . | . . . . Recycled Matter . | . . . . Retrieved Matter . | . . . . Retrieved Components . | . . . . Parts Scanalyzed . | . . . . Part Schematics Acquired . | . . . . Parts Damaged . | . . . . Bothacking | -11 -10 -9 -8 ------------ Run | Yrd Mat Mat Mat Used RIF Installer . | . . . . Robots Hacked . | . . . . Non-combat . | . . . . Combat . | . . . . Robot Hacks Applied . | . . . . Relay Couplers Released . | . . . . Fabnet Peak Effective % . | . . . . Robots Rewired . | . . . . Allies Hacked . | . . . . Hacks Repelled . | . . . . Allies | -11 -10 -9 -8 -------- Run | Yrd Mat Mat Mat Total Allies . | . . . . Largest Group . | . . . . Highest-Rated Group . | . . . . Highest-Rated Ally . | . . . . Total Orders . | . . . . Ally Attacks . | . . . . Total Damage . | . . . . Kills . | . . . . Allies Corrupted . | . . . . Allies Melted . | . . . . Intel | -11 -10 -9 -8 ------- Run | Yrd Mat Mat Mat Active Infowar (turns) 4398 | . . 2028 2370 Structural 4398 | . . 2028 2370 Robot Analysis Total . | . . . . Derelict Logs Recovered . | . . . . Drone Launches . | . . . . Drone Recoveries . | . . . . Exploration | -11 -10 -9 -8 ------------- Run | Yrd Mat Mat Mat Turns Passed 5575 | 110 1041 2028 2396 Spaces Moved 2236 | 61 476 744 955 Core 6 | 6 . . . Treads 1281 | 55 476 744 6 Legs . | . . . . Wheels 949 | . . . 949 Hover . | . . . . Flight . | . . . . Fastest Speed 50 | 50 160 160 165 Average Speed 191 | 149 160 222 185 Slowest Speed 560 | 160 160 320 560 Overloaded Moves . | . . . . Propulsion Burnouts . | . . . . Robots Hopped . | . . . . Potential Cave-ins . | . . . . Cave-ins Triggered . | . . . . Exploration Rate (%) 57 | 4 74 64 89 Regions Visited 3 Branch Regions . Pre-discovered Areas 1 | . 1 . . Known Exits Taken 1 | . 1 . . Unknown Exits Taken 2 | 1 . 1 . Scrap Searched . | . . . . Spaces Dug . | . . . . Terrain Destroyed 108 | . . 30 78 Melee . | . . . . Projectile . | . . . . AOE 108 | . . 30 78 Terrain Rammed . | . . . . Walls Destroyed . | . . . . Machines Disabled . | . . . . Actions | -11 -10 -9 -8 --------- Run | Yrd Mat Mat Mat Total 3070 | 77 708 973 1312 Wait 371 | 9 164 78 120 Move 2233 | 60 475 743 955 Hop . | . . . . Pick Up 66 | 2 16 18 30 Fast Attach 31 | 6 3 4 18 Attach 15 | . . 7 8 Detach 2 | . . 1 1 Swap 30 | . 2 12 16 Drop 55 | . 7 19 29 Fire 265 | . 41 89 135 Melee . | . . . . Ram . | . . . . Kick . | . . . . Crush 2 | . . 2 . Escape Stasis . | . . . . Rewire . | . . . . Trap . | . . . . Miscellaneous . | . . . . Route ------- -11/Scrapyard -10/Materials (discovered 6 exits: *Mat x3 / [*Min x2] / Sub) -9/Materials (discovered 3 exits: *Mat x2 / Min) -8/Materials (discovered 3 exits: [*Fac x3]) History --------- Turn | Location | Event 6 | -11/Scrapyard | Discovered new exit (range 14) 111 | -11/Scrapyard | Entered Materials 112 | -10/Materials | Met a group of wandering Federalists 311 | -10/Materials | Build established: Mutant 321 | -10/Materials | Discovered new exit (range 11) 613 | -10/Materials | Build established: Scavenger-Mutant 722 | -10/Materials | Discovered new exit (range 16) 879 | -10/Materials | Discovered new exit (range 8) 913 | -10/Materials | Build established: Mutant 913 | -10/Materials | Discovered new exit (range 8) 929 | -10/Materials | Identified exit to Materials 973 | -10/Materials | Learned location of Storage (-9) 1005 | -10/Materials | Identified exit to Subcaves 1005 | -10/Materials | Learned location of 1 exit from Materials 1025 | -10/Materials | Learned location of 2 exits from Mines 1037 | -10/Materials | Learned Storage stockpile data 1094 | -10/Materials | Learned location of 1 exit from Storage 1152 | -10/Materials | Entered another Materials area 1152 | -9/Materials | Evolved 2 slots: Utility x2 1153 | -9/Materials | Identified exit to Mines 1464 | -9/Materials | Lost 3 parts (1u2w) 1610 | -9/Materials | Discovered new exit (range 6) 1713 | -9/Materials | Build established: Scavenger-Mutant 2037 | -9/Materials | Build established: Mutant 2342 | -9/Materials | Discovered new exit (range 13) 2750 | -9/Materials | Central database locked down 3180 | -9/Materials | Entered another Materials area 3180 | -8/Materials | Evolved 2 slots: Propulsion x1, Utility x1 3456 | -8/Materials | Destroyed 7 combat bots 3815 | -8/Materials | Build established: Scavenger-Mutant 3933 | -8/Materials | Repaired Structural Scanner 3985 | -8/Materials | Repaired Imp. Assault Rifle 4502 | -8/Materials | Central database locked down 4530 | -8/Materials | Discovered new exit (range 14) 4538 | -8/Materials | Build established: Mutant 5236 | -8/Materials | Discovered new exit (range 16) 5562 | -8/Materials | Discovered new exit (range 16) 5576 | -8/Materials | Self-destructed Last Messages --------------- 05498_ Acquired 22 matter. 05512_ Acquired 10 matter. 05538_ O-24 Administrator destroyed. 05556_ Knocked back. 05557_ Acquired 2 matter. 05560_ Dropped Lgt. Armor Plating. 05561_ Dropped Imp. EM Shotgun. 05562_ EXIT=FOUND 05562_ ALERT: Garrison Access compromised, dispatching multiple assault carriers. 05562_ Garrison Access disabled. 05563_ Acquired System Shield. 05564_ Acquired 16 matter. 05566_ Imp. Treads+ destroyed. 05568_ Acquired Hacking Suite. 05570_ Imp. Deuterium Engine destroyed. 05570_ Imp. Light Armor Plating destroyed. 05570_ Knocked back. 05575_ Com. Wheel+ destroyed. 05575_ Knocked back. Map ----- +----------------------------------------------------+ | #" !"""=#### #### # % | | # ![=%[#### #### # | | #####+###########/####### ##+ | | ####% == ## | | ??## = ^ ## | | ??## ^ ## | | ??## ################ #### | | ??## ################ #### | | ??## ##????????????## #### | | ??## ##???????????### #### | | ??## # ???????????### #### | | ??## # ?????????#### ### | | ??## # ????????##### ### | | ??## + ????????## [ | | ??## # ????????## ## #### | | ??## # ????????## ## #### | | ??## ##????????## #########?? | | ??## ##???????????#########?? | | ??##% ##???????????????####### | | #### ##??????????????######## | | #### [!##??????????????###!!!!# | | #""" ##??????????????##! ! | | #"G %##??????????????## | | #"" ##??????????????### | | #### ##??????????????? # | | #### @# ??????????????? # | | ?###% # ???????????????"# | | ?##; ; ???????????????"# ## | | ?### # ???????????"# # | | ?### ;#####??????????? # # | | ??## ######????######### # | | ??## # ????????######### # | | ??## # ????????## # # | | ??## # ????????## # # | | ??## + ????????## + ## | | ??## H # ????????## # # | | ??## < # ????????## # # | | ??## ##??????#### # # | | ??######???????#####+##### # | | ??######???????## + + | | ???????????????## """ # # | | ???????????????## ! """ # # | | ???????????????## """ # # | | ???????????????## # # | | ???????????????## """ # ## | | ?????????????????? """ # ## | | ?????????????????? """ # ## | | ????????????????? # ## | | ?????????????????######### ## | | ?????????????????## + ## | +----------------------------------------------------+ Best States ------------- Heat Dissipation 45 Energy Generation 16 Energy Capacity 290 Matter Stores 300 Matter Capacity 300 Sight Range 16 Terrain Scan Density 10 Armor Coverage 375 Evasion (%) 40 Recoil Reduction 2 Offensive Hacking 10 Item Schematics ----------------- None Robot Schematics ------------------ None Fabricated ------------ Nothing Repaired ---------- Structural Scanner | 25% | -8/Materials Imp. Assault Rifle | 30% | -8/Materials Studied --------- Datajack | -9/Materials | Hacked Com. Wheel | -8/Materials | Hacked Wheel | -8/Materials | Hacked Mni. Grenade Launcher | -8/Materials | Hacked Imp. Treads | -8/Materials | Hacked Alien Tech Used ----------------- None Achievements -------------- None Challenges ------------ None Game ------ Seed TransmissionArmageddonSink Manual? 0 Play Time 00:30:51 Cumulative 531.6 hours Start 2025.11.12 @ 10:44:20 End 2025.11.12 @ 12:36:09 Sessions 1 Manual Loads 0 Difficulty Rogue Special Mode None Game No. 866 Rogue 711 Adventurer 148 Explorer 7 Win Type - Total 26 Types 20/1/4/1/0/0/0/0/0/0 Lore% 77 Gallery% 80 Achievement% 64 Wizard Run 0 Options --------- Layout 1 ASCII 0 Keyboard 0 Movement Numpad Keybinds 0 Fullscreen 2 Font 24/Smallcaps Map View 50x35 Zoom Use 0% Tactical HUD 1 Map Filters NONE Filters NONE Steam 1 RUN: 9bd56312-1295-45cb-93b8-7ab6bc4c4edd